 Dungeon Crawl Stone Soup version 0.18.1-48-g4cf74bf (webtiles) character file.

107 grulito the Sneak (level 4, -4/22 HPs)
             Began as a Spriggan Assassin on June 26, 2016.
             Killed from afar by an orc wizard (7 damage)
             ... with a magic dart
             ... on level 3 of the Dungeon.
             The game lasted 00:08:15 (2976 turns).

grulito the Sneak (Spriggan Assassin)               Turns: 2976, Time: 00:08:16

Health: -4/22      AC:  3    Str:  7    XL:     4   Next: 56%
Magic:  5/5        EV: 17    Int: 12    God:
Gold:   100        SH:  0    Dex: 18    Spells: 0 memorised, 3 levels left

rFire  . . .     SeeInvis +     a - +2 dagger
rCold  . . .     Gourm    .     c - +0 robe
rNeg   . . .     Faith    .     (shield restricted)
rPois  .         Spirit   .     (helmet restricted)
rElec  .         Dismiss  .     d - +0 cloak
rCorr  .         Reflect  .     (gloves unavailable)
SustAt .         Harm     +     (boots unavailable)
MR     .....                    q - amulet of harm
Stlth  ++++......               (no ring)
                                (no ring)

@: very quick, not resistant to hostile enchantments, stealthy
A: unfitting armour, see invisible, herbivore 3, speed 3, slow metabolism 2
a: no special abilities


You were on level 3 of the Dungeon.
You were not hungry.

You visited 1 branch of the dungeon, and saw 3 of its levels.

You collected 100 gold pieces.

Inventory:

Hand Weapons
 a - a +2 dagger (weapon)
 b - a +0 blowgun
Missiles
 e - 2 poisoned needles
 f - 2 curare-tipped needles
Armour
 c - a +0 robe (worn)
 d - a +0 cloak (worn)
Jewellery
 q - an amulet of harm (around neck)
Wands
 o - a wand of acid (8/15)
Scrolls
 h - a scroll of recharging {unknown}
 i - a scroll of fog {unknown}
 k - a scroll of noise {unknown}
 l - 3 scrolls of remove curse {unknown}
 p - a scroll of magic mapping {unknown}
 r - a scroll of identify {unknown}
Potions
 j - 2 potions of degeneration {unknown}
 m - 2 potions of flight {unknown}
 n - 2 potions of lignification {unknown}
Comestibles
 g - 2 bread rations


   Skills:
 - Level 1.5 Fighting
 + Level 5.2 Short Blades
 - Level 2.0 Throwing
 - Level 1.5 Dodging
 - Level 6.0 Stealth


You had 3 spell levels left.
You didn't know any spells.

Dungeon Overview and Level Annotations

Branches:
Dungeon (3/15)

Altars:
Ashenzari

Annotations:
D:3 Sigmund


Innate Abilities, Weirdness & Mutations

You are tiny and cannot use many weapons and most armour.
You have supernaturally acute eyesight.
You are a herbivore.
You cover ground extremely quickly.
You need consume almost no food.


Message History

* * * LOW HITPOINT WARNING * * *
You barely miss the orc wizard.
The orc wizard is heavily wounded.
The orc wizard points at you and mumbles some strange words.
The puff of frost misses you.
The puff of frost hits the plant.
You hit the orc wizard but do no damage.
The orc wizard is heavily wounded.
You hit the orc wizard.
The orc wizard is severely wounded.
The orc wizard completely misses you.
You miss the orc wizard.
The orc wizard is severely wounded.
The orc wizard barely misses you.
You hit the orc wizard.
The orc wizard is almost dead.
You barely miss the orc wizard.
The orc wizard is almost dead.
The orc wizard points at you and mumbles some strange words.
The magic dart hits you!
You die...

#≈P ..# #P≈♣ ≈... #P≈≈
≈P.# #P≈≈♣♣♣♣≈P≈#
######## #≈≈♣≈≈♣≈≈≈#
#...<.o. .####P≈≈≈≈PP.
#.###.(.
......≈P.≈#######.##.#
.##
#..P...@o.÷....##.# .#
#.##.##[#########)# .#
#.##...(.o.(()(# .#
#.############## .#
#.# .# #<# ........#
@........ ..........


You could see an orc wizard.

Vanquished Creatures
  An orc wizard (D:3)
  An adder (D:2)
  An ooze (D:2)
  2 worms (D:2)
  A dart slug (D:1)
  4 giant geckos (D:2)
  2 orcs (D:3)
  4 giant cockroaches (D:2)
  4 goblins
  6 hobgoblins
  4 jackals (D:1)
  A ball python (D:1)
  11 bats
  6 giant newts
  4 kobolds (D:1)
  5 rats
57 creatures vanquished.

Notes
Turn   | Place    | Note
--------------------------------------------------------------
     0 | D:1      | grulito the Spriggan Assassin began the quest for the Orb.
     0 | D:1      | Reached XP level 1. HP: 10/10 MP: 2/2
     6 | D:1      | Reached skill level 6 in Stealth
   156 | D:1      | Reached XP level 2. HP: 9/14 MP: 3/3
  1005 | D:2      | Reached XP level 3. HP: 5/18 MP: 4/4
  1475 | D:2      | Found a shattered altar of Ashenzari.
  1884 | D:2      | Reached XP level 4. HP: 22/22 MP: 5/5
  2257 | D:3      | HP: 1/22 [orc/flail (15)]
  2612 | D:3      | Noticed Sigmund
  2745 | D:3      | Reached skill level 5 in Short Blades
  2976 | D:3      | Killed from afar by an orc wizard

Skill      XL: |  1  2  3  4 |
---------------+-------------+-----
Stealth        | 6 |  6.0
Short Blades   | 3 4 5 |  5.2
Fighting       | |  1.5
Throwing       | |  2.0
Dodging        | |  1.5

Action                   |  1- 3 |  4- 6 || total
-------------------------+-------+-------++-------
Melee: Dagger            |   116 |    69 ||   185
 Fire: Blowgun           |     7 |     6 ||    13
 Stab: Sleeping          |    14 |     1 ||    15
       Distracted        |     2 |       ||     2
Armor: Robe              |    20 |     8 ||    28
Dodge: Dodged            |   100 |    61 ||   161
